 Dungeon Crawl Stone Soup version 0.30-a0-165-g1891117ce2 (webtiles) character file.

Game seed: 7020188792226320758

112 qw the Chopper (level 4, -6/28 HPs)
             Began as a Gargoyle Fighter on Sept 28, 2022.
             Mangled by a gnoll
             ... wielding a +1 halberd of flaming
              (8 damage)
             ... on level 4 of the Dungeon.
             The game lasted 00:00:57 (2300 turns).

qw the Chopper (Gargoyle Fighter)                   Turns: 2300, Time: 00:00:58

Health: -6/28      AC: 10    Str: 21    XL:     4   Next: 93%
Magic:  4/4        EV:  9    Int:  9    God:
Gold:   97         SH:  4    Dex:  9    Spells: 3/3 levels left

rFire   + . .      SeeInvis .    Y - +0 war axe
rCold   . . .      Faith    .    c - +0 buckler
rNeg    + . .      Spirit   .    b - +0 scale mail
rPois   inf        Reflect  .    (no helmet)
rElec   +          Harm     .    (no cloak)
rCorr   .          Rampage  .    (no gloves)
Will    .....                    (no boots)
Stlth   ..........               (no amulet)
HPRegen 0.09/turn                j - ring of protection from fire
MPRegen 0.09/turn                (no ring)

@: no status effects
A: sickness immunity, AC +3, negative energy resistance 1, electricity
resistance, torment resistance 1, petrification resistance
a: no special abilities


You were on level 4 of the Dungeon.
You visited 1 branch of the dungeon, and saw 4 of its levels.

You collected 97 gold pieces.


Innate Abilities, Weirdness & Mutations

You are immune to sickness and miasma.
Your stone body is resilient. (AC +3)
You are immune to poison.
You resist negative energy. (rN+)
You are resistant to electric shocks. (rElec)
You are resistant to unholy torment.
You are immune to petrification.


   Skills:
 - Level 3.2 Fighting
 + Level 4.5 Axes
 - Level 3.2 Armour
 - Level 3.2 Shields


You had 3 spell levels left.
You didn't know any spells.
Your spell library was empty.

Inventory:

Hand Weapons
 g - a +0 club
 Y - a +0 war axe (weapon)
Armour
 b - a +0 scale mail (worn)
 c - a +0 buckler (worn)
 k - a scarf of resistance
Jewellery
 j - a ring of protection from fire (left hand)
 l - an amulet of magic regeneration
Scrolls
 a - 6 scrolls of identify
 f - 3 scrolls of fog {unknown}
 i - a scroll of amnesia {unknown}
Potions
 d - a potion of might
 e - a potion of haste {unknown}
 h - a potion of mutation {unknown}
 m - a potion of magic {unknown}

Dungeon Overview and Level Annotations

Branches:
Dungeon (4/15)
 Temple: D:4-7

Altars:
Trog


Message History

The gnoll hits you but does no damage. You block the gnoll's attack.
You closely miss the gnoll.
The gnoll is heavily wounded.
You hit the gnoll.
You kill the gnoll!
The gnoll completely misses you.
You completely miss the gnoll.
The gnoll is heavily wounded.
You block the gnoll's attack. The gnoll hits you but does no damage.
You closely miss the gnoll.
The gnoll is heavily wounded.
The gnoll hits you with a +0 club.
You slash the gnoll!
You kill the gnoll!
You start resting.
A gnoll comes into view. It is wielding a +0 spear.
2230 ||| Stepping ~*~*~tactically~*~*~ (stealth).
You start resting.
A gnoll is nearby!
2233 ||| Stepping ~*~*~tactically~*~*~ (stealth).
You see here a +0 scale mail.
You start resting.
A gnoll is nearby!
The gnoll shouts! x2
You see here a +4 spear.
The gnoll barely misses you.
You hit the gnoll but do no damage. The gnoll hits you with a +0 spear.
You block the gnoll's attack. The gnoll hits you but does no damage.
The gnoll hits you from afar with a +1 halberd of flaming!
You hit the gnoll but do no damage. The gnoll barely misses you.
You block the gnoll's attack.
You slash the gnoll!
The gnoll is severely wounded.
The gnoll closely misses you.
The gnoll hits you from afar with a +1 halberd of flaming.
You slash the gnoll!
You kill the gnoll!
The gnoll hits you from afar with a +1 halberd of flaming!
You die...

##.........
#........
#.....#####
#.....##..#
#......!..#
#[...)....# .
#.....##..#
....##.).).#####
......).@....#
........)....#
####.####g..##
#. #....# .
.....# . ......#
<# ###.# .#


You could see a gnoll.

Vanquished Creatures
  6 gnolls (D:4)
  A worm (D:2)
  A dart slug (D:2)
  4 endoplasms
  8 giant cockroaches
  3 goblins
  6 hobgoblins
  2 jackals (D:3)
  A quokka (D:1)
  8 ball pythons
  5 bats
  7 frilled lizards
  2 kobolds
  4 rats
58 creatures vanquished.

Notes
Turn   | Place    | Note
-------+----------+-------------------------------------------
     0 | D:1      | qw the Gargoyle Fighter began the quest for the Orb.
     0 | D:1      | Reached XP level 1. HP: 14/14 MP: 1/1
     0 | D:1      | 0 ||| qw: Version: 0.2-a-12-gaebbb33
     0 | D:1      | 0 ||| qw: Game counter: 774
     0 | D:1      | 0 ||| qw: Always use a shield: true
     0 | D:1      | 0 ||| qw: God list: Okawaru
     0 | D:1      | 0 ||| qw: Allow faded altars: false
     0 | D:1      | 0 ||| qw: Do Orc after D:15 true
     0 | D:1      | 0 ||| qw: Do second Lair branch before Depths: true
     0 | D:1      | 0 ||| qw: Lair rune preference: random
     0 | D:1      | 0 ||| qw: Plans: Normal, Zot:1-4, God:TSO, Crypt, Tomb,
                  | Pan, Slime:5, Hells, Abyss, Orb
     0 | D:1      | 0 ||| PLANNING D:1-11
    28 | D:1      | Reached skill level 2 in Axes
   274 | D:1      | Reached XP level 2. HP: 19/19 MP: 2/2
   681 | D:1      | Reached skill level 3 in Axes
   848 | D:1      | Reached XP level 3. HP: 23/23 MP: 3/3
   996 | D:1      | 996 ||| UPGRADING to ring of protection from fire.
   997 | D:1      | 997 ||| READING scroll labelled JOCICU AG ABE.
  1001 | D:1      | 1001 ||| READING scroll labelled JIDIFR TORCH.
  1002 | D:1      | 1002 ||| READING scroll labelled CYOPETHR XOSU.
  1003 | D:1      | 1003 ||| READING scroll labelled VENNAL WOASOI.
  1170 | D:2      | Found a faded altar of an unknown god.
  1408 | D:2      | Found a bloodstained altar of Trog.
  1654 | D:2      | 1654 ||| READING 4 scrolls of identify.
  1654 | D:2      | 1654 ||| IDENTIFYING grey potion
  1655 | D:2      | 1655 ||| DROPPING potion of flight.
  1671 | D:3      | 1671 ||| STAIRDANCE
  1800 | D:3      | 1800 ||| Stepping ~*~*~tactically~*~*~ (stealth).
  1854 | D:3      | 1854 ||| Stepping ~*~*~tactically~*~*~ (stealth).
  1870 | D:3      | 1870 ||| Stepping ~*~*~tactically~*~*~ (stealth).
  1883 | D:3      | 1883 ||| Stepping ~*~*~tactically~*~*~ (stealth).
  1885 | D:3      | Reached XP level 4. HP: 28/28 MP: 4/4
  1944 | D:3      | 1944 ||| Stepping ~*~*~tactically~*~*~ (stealth).
  2155 | D:3      | You fall into a shaft and drop 1 floor!
  2157 | D:4      | 2157 ||| Stepping ~*~*~tactically~*~*~ (hiding).
  2162 | D:4      | 2162 ||| Stepping ~*~*~tactically~*~*~ (hiding).
  2168 | D:4      | Reached skill level 4 in Axes
  2187 | D:4      | 2187 ||| Stepping ~*~*~tactically~*~*~ (stealth).
  2188 | D:4      | 2188 ||| Stepping ~*~*~tactically~*~*~ (stealth).
  2189 | D:4      | 2189 ||| Stepping ~*~*~tactically~*~*~ (stealth).
  2195 | D:4      | 2195 ||| Stepping ~*~*~tactically~*~*~ (stealth).
  2198 | D:4      | HP: 5/28 [gnoll/+4 spear (7)]
  2203 | D:4      | HP: 4/28 [gnoll/+0 club (1)]
  2230 | D:4      | 2230 ||| Stepping ~*~*~tactically~*~*~ (stealth).
  2233 | D:4      | 2233 ||| Stepping ~*~*~tactically~*~*~ (stealth).
  2297 | D:4      | HP: 5/28 [gnoll/+1 halberd of flaming (7)]
  2299 | D:4      | HP: 2/28 [gnoll/+1 halberd of flaming (3)]
  2300 | D:4      | Mangled by a gnoll

Levels and vault maps discovered:
D:1:      mrwooster_arrival_statue_2, layout_basic
D:2:      layout_basic, basic_altar,
          dreamdust_ecumenical_altar_angels_and_demons, kennysheep_path_1,
          minmay_worlds_worst_comb
D:3:      layout_rooms, minmay_misc_feat_alley
D:4:      layout_gridville, mainiacjoe_overflow_concentric_impassable,
          pdpol_wu_jian_five_deadly_venoms, lemuel_temple_firewalk_a,
          hangedman_decor_peaks_small, uniq_menkaure

Skill      XL: |  1  2  3  4 |
---------------+-------------+-----
Axes           | 2 3 4 |  4.5
Fighting       | |  3.2
Armour         | |  3.2
Shields        | |  3.2

Action                   |  1- 3 |  4- 6 || total
-------------------------+-------+-------++-------
Melee: War axe           |   128 |    40 ||   168
  Use: Scroll            |     5 |       ||     5
Armor: Scale mail        |    53 |    25 ||    78
Dodge: Dodged            |    56 |    21 ||    77
Block: Buckler           |    20 |     9 ||    29

Table legend:
 A = Non-vault XP
 B = Vault XP
 C = Vault XP percentage of total XP
 D = Non-vault monster count
 E = Vault monster count
 F = Vault count percentage of total count
                 A         B        C        D         E       F
            +---------+---------+-------+---------+---------+-------
      Total |     164 |      10 |   5.7 |      53 |       5 |   8.6
            +---------+---------+-------+---------+---------+-------
        D:1 |      37 |       0 |   0.0 |      24 |       0 |   0.0
        D:2 |      19 |      10 |  34.5 |       9 |       5 |  35.7
        D:3 |      24 |       0 |   0.0 |      14 |       0 |   0.0
        D:4 |      84 |       0 |   0.0 |       6 |       0 |   0.0
            +---------+---------+-------+---------+---------+-------
